 Dungeon Crawl Stone Soup version 0.17-a0-26-g7f25774 (webtiles) character file.

158 ryw the Firebug (level 5, 0/28 HPs)
             Began as an Imp Fire Elementalist on Aug 9, 2015.
             Slain by a killer bee (7 damage)
             ... on level 3 of the Dungeon.
             The game lasted 00:05:55 (1430 turns).

ryw the Firebug (Imp Fire Elementalist)             Turns: 1430, Time: 00:05:55

Health: 0/28       AC:  4    Str:  7    XL:     5   Next: 16%
Magic:  0/9        EV: 20    Int: 16    God:
Gold:   75         SH:  0    Dex: 19    Spells: 2 memorised, 6 levels left

rFire  + . .     SeeInvis .     j - +0 long sword (curse)
rCold  . . .     Clarity  .     g - +2 robe {rF+}
rNeg   + + +     SustAb   .     (shield restricted)
rPois  ∞         Gourm    .     (helmet restricted)
rElec  .         Spirit   .     (no cloak)
rCorr  .         Warding  .     (gloves unavailable)
rMut   .         Rnd*Tele +     (boots unavailable)
MR     .....                    (no amulet)
Stlth  +++.......               (no ring)
                                m - +3 ring of dexterity

@: very slightly contaminated, not resistant to hostile enchantments, fairly
stealthy
A: unfitting armour, blink 2, negative energy resistance 3, regeneration 1,
screaming 3, teleportitis 2, torment resistance
a: Blink


You were on level 3 of the Dungeon.
You were hungry.

You visited 1 branch of the dungeon, and saw 3 of its levels.

You collected 75 gold pieces.

Inventory:

Hand weapons
 j - a cursed +0 long sword (weapon)
 l - a +0 spear
Missiles
 n - a throwing net (quivered)
Armour
 g - a +2 robe of fire resistance (worn)
Jewellery
 k - an uncursed amulet of clarity
 m - a +3 ring of dexterity (left hand)
Scrolls
 h - 2 scrolls of identify
 i - a scroll of enchant weapon {unknown}
Potions
 a - a potion of heal wounds {unknown}
 d - a potion of haste {unknown}
 e - a potion of might {unknown}
 o - a potion of ambrosia {unknown}
Books
 b - a book of Flames

   Spells                             Type                      Level
   a - Flame Tongue                   Conjuration/Fire             1
   b - Throw Flame                    Conjuration/Fire             2
   c - Conjure Flame                  Conjuration/Fire             3
   d - Inner Flame                    Hexes/Fire                   3
   e - Sticky Flame                   Conjuration/Fire             4
   f - Fireball                       Conjuration/Fire             5
Comestibles
 c - 5 bread rations
 f - a chunk of flesh


   Skills:
 + Level 3.9 Dodging
 + Level 3.5 Stealth
 + Level 2.6 Spellcasting
 + Level 1.9 Conjurations
 + Level 4.7 Fire Magic


You had 6 spell levels left.
You knew the following spells:

 Your Spells              Type           Power        Failure   Level  Hunger
a - Flame Tongue          Conj/Fire      ##...        6%          1    #......
b - Throw Flame           Conj/Fire      ##....       10%         2    ##.....


Dungeon Overview and Level Annotations

Branches:
Dungeon (3/15)

Altars:


Innate Abilities, Weirdness & Mutations

You are immune to poison.
You are tiny and cannot use many weapons and most armour.
You are good at translocating small distances at will.
You are immune to negative energy.
Your natural rate of healing is unusually fast.
You frequently scream uncontrollably at your foes.
Space sometimes distorts in your vicinity.
You are immune to unholy pain and torment.


Message History

The killer bee closely misses you.
The killer bee stings you but does no damage.
The orc hits you from afar with a trident.
You closely miss the killer bee. The killer bee completely misses you.
The killer bee stings you but does no damage.
The orc completely misses you. The killer bee completely misses you.
You slash the killer bee!
The killer bee is heavily wounded.
The killer bee stings you. The killer bee completely misses you.
The orc closely misses you. The killer bee stings you.
* * * LOW HITPOINT WARNING * * *
Casting: Flame Tongue
Confirm with . or Enter, or press ? or * to list all spells.
Aiming: Flame Tongue
Press: ? - help, Shift-Dir - straight line, f - killer bee
Aim: a killer bee (heavily wounded)
The flame tongue hits the killer bee.
The killer bee appears unharmed.
The killer bee is heavily wounded.
The killer bee misses you. The orc misses you. The killer bee stings you!
You die...

###............#
#..(..[......#
##...........##
##...#.......##
#.####.(.....#
..# #.......#
#.## ##.....##
#. #......[##
#..#...#@.#
#.##...##y#
######o# ...
..... . #.....#
#.....# #.....#
......#


You could see a killer bee and an orc.

Vanquished Creatures
  3 killer bees (D:3)
  An adder (D:3)
  2 bats
  2 giant cockroaches
  7 goblins
  4 hobgoblins
  3 jackals
  4 kobolds
  A quokka (D:3)
  A ball python (D:2)
  2 giant newts
  2 rats
32 creatures vanquished.

Notes
Turn   | Place    | Note
--------------------------------------------------------------
     0 | D:1      | ryw, the Imp Fire Elementalist, began the quest for the Orb.
     0 | D:1      | Reached XP level 1. HP: 10/10 MP: 3/3
   323 | D:2      | Reached skill level 4 in Fire Magic
   323 | D:2      | Reached XP level 2. HP: 15/15 MP: 1/4
   327 | D:2      | Learned a level 2 spell: Throw Flame
   561 | D:2      | Reached skill level 1 in Conjurations
  1258 | D:3      | Reached XP level 3. HP: 19/19 MP: 3/6
  1387 | D:3      | Noticed a killer bee
  1410 | D:3      | Noticed a killer bee
  1410 | D:3      | Noticed a killer bee
  1413 | D:3      | Noticed a killer bee
  1413 | D:3      | Killed a killer bee
  1413 | D:3      | Reached XP level 4. HP: 24/24 MP: 4/8
  1417 | D:3      | Killed a killer bee
  1424 | D:3      | Killed a killer bee
  1424 | D:3      | Reached XP level 5. HP: 11/28 MP: 0/9
  1430 | D:3      | Slain by a killer bee

Action                   |  1- 3 |  4- 6 || total
-------------------------+-------+-------++-------
Melee: Unarmed           |    21 |       ||    21
       Long sword        |     1 |     9 ||    10
 Cast: Flame Tongue      |    44 |     6 ||    50
       Throw Flame       |     1 |       ||     1
  Use: Scroll            |     2 |       ||     2
  Eat: Chunk             |     2 |       ||     2
